 Dungeon Crawl Stone Soup version 0.29.1-13-g9f3cf754e1 (webtiles) character file.

Game seed: 989619703455700942

9 croobank the Sneak (level 2, -1/21 HPs)
             Began as an Octopode Delver on Jan 28, 2023.
             Killed from afar by an orc wizard (4 damage)
             ... with a puff of flame
             ... on level 5 of the Dungeon.
             The game lasted 00:01:25 (102 turns).

croobank the Sneak (Octopode Delver)                 Turns: 102, Time: 00:01:26

Health: -1/21      AC:  1    Str: 11    XL:     2   Next: 12%
Magic:  2/2        EV: 13    Int: 12    God:
Gold:   7          SH:  0    Dex: 13    Spells: 1/1 levels left

rFire   . . .      SeeInvis .   a - +0 hand axe
rCold   . . .      Faith    .   (no shield)
rNeg    . . .      Spirit   .   (helmet restricted)
rPois   .          Reflect  .   (no amulet)
rElec   .          Harm     .   (no ring)
rCorr   .          Rampage  .   (no ring)
Will    .....                   (no ring)
Stlth   ++++......              (no ring)
HPRegen 0.07/turn               (no ring)
MPRegen 0.08/turn               (no ring)
                                (no ring)
                                (no ring)

@: hasted, very quick
A: almost no armour, amphibious, 8 rings, camouflage 1, gelatinous body 1,
(nimble swimmer 1), tentacles
a: no special abilities


You were on level 5 of the Dungeon.
You visited 1 branch of the dungeon, and saw 2 of its levels.

You collected 7 gold pieces.

Inventory:

Hand Weapons
 a - a +0 hand axe (weapon)
 c - a +0 whip of venom
 g - a +0 war axe
Wands
 f - a wand of digging (1)
Scrolls
 b - a scroll of fog


   Skills:
 + Level 3.1 Fighting
 + Level 2.2 Axes
 + Level 2.2 Dodging
 + Level 6.7 Stealth


You had one spell level left.
You didn't know any spells.
Your spell library was empty.

Dungeon Overview and Level Annotations

Branches:
Dungeon (6/15)
 Temple: D:4-7

Altars:

Annotations:
D:6 Duvessa, Pikel


Innate Abilities, Weirdness & Mutations

You cannot wear most types of armour.
You are amphibious.
You can wear up to eight rings at the same time.
Your skin changes colour to match your surroundings (Stealth+).
Your rubbery body absorbs attacks. (AC +1, EV +1)
((You are camouflaged when in or above water. (Stealth+)))
You have tentacles for arms and can constrict up to eight enemies at once.


Message History

Found a scroll labelled EPISEJ ZUOKLOMUCHI.
Found a stone staircase leading up.
Found a stone staircase leading down.
You see here a scroll labelled EPISEJ ZUOKLOMUCHI.
Found a scroll of fog.
A lemure and Duvessa come into view.
Found 8 gold pieces.
Pikel and a lemure come into view.
Pikel is wielding a +2 whip of flaming.
Found a scroll labelled EPISEJ ZUOKLOMUCHI.
There is a stone staircase leading up here.
You climb upwards.
Found 11 gold pieces.
There is a stone staircase leading down here.
You start resting.
An orc comes into view.
It is wielding a +0 club. 2 orcs and an orc priest come into view.
Okay, then.
Found a glowing whip.
An orc wizard comes into view. It is wielding a +0 dagger.
The orc wizard shouts!
An orc comes into view. It is wielding a +0 mace.
You see here a +0 whip of venom.
Okay, then.
c - a +0 whip of venom An adder comes into view.
The adder hisses angrily.
You hear a shout!
The orc wizard mumbles some strange words.
The orc wizard flickers and vanishes!
Deactivating autopickup; reactivate with Ctrl-A.
The adder moves out of view.
An ogre and a phantom come into view.
Found 13 gold pieces.
A puff of flame appears from out of thin air!
The puff of flame hits you.
* * * LOW HITPOINT WARNING * * *
Okay, then.
You feel yourself speed up.
A puff of flame appears from out of thin air!
The puff of flame hits you.
You die...

#...............###.
#.#.{..{............
#...##.#.##.###.####
###.##.#.##.# #.# #
#.##....... ... o
#.##.#.#.##.###.##
#....#.O....o ...
#.##.#.#.#. #. ##
#@##..S#W... .. #
#.##.#...$. #.. #.
#.## #.# ... ..# ...


There were no monsters in sight!

Vanquished Creatures
  An adder (D:6)
1 creature vanquished.

Notes
Turn   | Place    | Note
-------+----------+-------------------------------------------
     0 | D:5      | croobank the Octopode Delver began the quest for the Orb.
     0 | D:5      | Reached XP level 1. HP: 16/16 MP: 1/1
     6 | D:5      | Noticed a howler monkey
     6 | D:5      | Noticed an ogre
    20 | D:6      | Reached XP level 2. HP: 15/21 MP: 2/2
    21 | D:6      | Noticed a steam dragon
    37 | D:6      | Noticed an ice beast
    51 | D:6      | Noticed a lemure
    51 | D:6      | Noticed Duvessa
    54 | D:6      | Noticed Pikel
    54 | D:6      | Noticed a lemure
    92 | D:5      | Noticed an ogre
    92 | D:5      | Noticed a phantom
   102 | D:5      | Killed from afar by an orc wizard

Illustrated notes

Levels and vault maps discovered:
D:5:      layout_layer_cave, temple_pool_b, minmay_diced_spiral
D:6:      layout_loops_ring, minmay_manual_maat, uniq_pikel, uniq_edmund,
          uniq_duvessa, uniq_eustachio

Action                   || total
-------------------------++-------
Melee: Hand axe          ||     3
       Constrict         ||     1
Evoke: Wand              ||     2
  Use: Scroll            ||     2
       Potion            ||     1
Armor: Skin              ||     1
Dodge: Dodged            ||     8
